 Dungeon Crawl Stone Soup version 0.32-a0-42-ga30500b4d3 (webtiles) character file.

Game seed: 1525250766077116643

1388 pokeman the Thaumaturge (level 8, -9/38 (44) HPs)
             Began as a Deep Elf Hedge Wizard on Jan 31, 2024.
             Was a Follower of Vehumet.
             Mangled by a wight
             ... wielding a +4 trident of freezing
              (13 damage)
             ... on level 6 of the Dungeon.
             The game lasted 00:11:27 (6381 turns).

pokeman the Thaumaturge (Deep Elf Hedge Wizard)     Turns: 6381, Time: 00:11:27

HP:   -9/38 (44)    AC:  3    Str:  7    XL:     8   Next: 40%
MP:   26/33         EV: 13    Int: 22    God:    Vehumet [*.....]
Gold: 188           SH:  0    Dex: 20    Spells: 14/27 levels left

rFire   . . .        q - +0 falchion (elec)
rCold   . . .        (no shield)
rNeg    . . .        b - +0 robe
rPois   .            c - +0 hat
rElec   .            (no cloak)
rCorr   .            m - +0 pair of gloves
SInv    .            (no boots)
Will    .....        (no amulet)
Stlth   +++          h - +6 ring of dexterity
HPRegen 0.26/turn    E - ring of magical power
MPRegen 0.23/turn

%: no passive effects
@: heavily drained
A: no striking features
a: Renounce Religion


You were on level 6 of the Dungeon.
You worshipped Vehumet.
Vehumet was aware of your devotion.
You visited 2 branches of the dungeon, and saw 7 of its levels.

You collected 188 gold pieces.

Inventory:

Hand Weapons
 q - a +0 falchion of electrocution (weapon)
 C - a +2 dagger of venom
Armour
 b - a +0 robe (worn)
 c - a +0 hat (worn)
 m - a +0 pair of gloves (worn)
 r - a +3 ring mail of poison resistance
Jewellery
 h - a +6 ring of dexterity (left hand)
 A - a ring of positive energy
 E - a ring of magical power (right hand)
Wands
 p - a wand of polymorph (15)
 t - a wand of iceblast (13)
 y - a wand of paralysis (12)
Scrolls
 a - a scroll of fog {unknown}
 e - 4 scrolls of identify {unknown}
 g - 3 scrolls of enchant weapon {unknown}
 k - a scroll of noise {unknown}
 n - 2 scrolls of teleportation {unknown}
 o - a scroll of acquirement {unknown}
 u - 3 scrolls of vulnerability {unknown}
 z - 2 scrolls of fear {unknown}
 F - a scroll of blinking {unknown}
 G - a scroll of summoning {unknown}
Potions
 d - a potion of magic
 f - 5 potions of curing {unknown}
 i - a potion of resistance {unknown}
 j - 2 potions of brilliance {unknown}
 l - 2 potions of attraction {unknown}
 s - a potion of cancellation {unknown}
 v - a potion of heal wounds {unknown}
 w - a potion of lignification {unknown}
 x - a potion of invisibility {unknown}
 B - a potion of haste {unknown}
 D - a potion of ambrosia {unknown}


   Skills:
 - Level 2.0 Fighting
 + Level 2.9 Armour
 - Level 3.0 Dodging
 - Level 3.0 Stealth
 * Level 10.2 Spellcasting
 + Level 5.4 Conjurations
 - Level 1.1 Summonings
 - Level 1.1 Translocations
 - Level 1.0 Air Magic
 + Level 1.0 Alchemy
 - Level 1.1 Evocations


You had 14 spell levels left.
You knew the following spells:

 Your Spells              Type           Power      Damage    Failure   Level
a - Magic Dart            Conj           100%       1d8       1%          1
b - Mephitic Cloud        Conj/Alch/Air  22%        N/A       6%          3
c - Call Imp              Summ           32%        N/A       6%          2
d - Blink                 Tloc           32%        N/A       6%          2
e - Irradiate             Conj/Alch      12%        3d15      41%         5

Your spell library contained the following spells:

 Spells                   Type           Power      Damage    Failure   Level
 Shock                    Conj/Air       100%       1d9       1%          1
 Momentum Strike          Conj/Tloc      50%        3d9       2%          2
 Slow                     Hex            44%        N/A       6%          1
 Lesser Beckoning         Tloc           32%        N/A       6%          2
 Cigotuvi's Dreadful Rot  Necr/Alch/Air  28%        N/A       7%          2
 Sublimation of Blood     Necr           11%        N/A       9%          2
 Martyr's Knell           Necr/Summ      13%        N/A       43%         4
 Petrify                  Alch/Erth      13%        N/A       43%         4
 Dispel Undead            Necr           11%        3d9       52%         4
 Death Channel            Necr           5%         N/A       100%        6


Dungeon Overview and Level Annotations

Branches:
Dungeon (6/15)             Temple (1/1) D:4

Altars:
Cheibriados
Dithmenos
Elyvilon
Fedhas
Kikubaaqudgha
Makhleb
Nemelex Xobeh
Qazlal
Ru
Sif Muna
Trog
Uskayaw
Vehumet
Xom
Zin
The Shining One

Annotations:
D:6 1 runed translucent door, grandjackal's ghost, novice DsGl


Message History

Unknown command.
You hit the wight but do no damage.
The wight is moderately damaged.
The wight hits you with a +2 dagger.
The wight hits you with a +4 trident of freezing!
You feel drained. The wight freezes you.
* * * LOW HITPOINT WARNING * * *
Unknown command.
Casting: Call Imp (safe; 6% risk of failure)
Confirm with . or Enter, or press ? or * to list all spells.
You blink.
Unknown command.
You feel ready to blink again. The wight attacks as it pursues you!
The wight misses you. The wight attacks as it pursues you!
The wight closely misses you. The wight attacks as it pursues you!
The wight hits you from afar with a +4 trident of freezing!
* * * LOW HITPOINT WARNING * * *
You feel drained.
* * * LOW HITPOINT WARNING * * *
The wight freezes you.
* * * LOW HITPOINT WARNING * * *
Casting: Blink (safe; 6% risk of failure)
Confirm with . or Enter, or press ? or * to list all spells.
You blink.
Casting: Blink (safe; 6% risk of failure)
Confirm with . or Enter, or press ? or * to list all spells.
A tiny devil pulls itself out of the air.
The wight barely misses your cerulean imp.
Unknown command.
The wight hits your cerulean imp with a +1 dagger of freezing!
The wight freezes your cerulean imp. The wight hits you with a +2 dagger.
* * * LOW HITPOINT WARNING * * *
Your cerulean imp hits the wight with a -3 spear.
Unknown command.
You hit the wight.
The wight is moderately damaged.
You feel ready to blink again.
The wight hits you from afar with a +4 trident of freezing!
You die...

##..............###........#
#...............# ##.......#
#..............##
#.)......## #..............#
##.).......#
##.............#
#..).......# ..#
##...........## #..........#
..# ###......zz.#
##..........# ..#
####...z5## #..........##
.## ####.@# #..........# .#
#### ##.........## .#
#........### .# ###.#.####
###.# #.# #### ###### #.#
##..## ##....###.###....#
##......##.##......


You could see 3 wights and a friendly cerulean imp (summoned).

Vanquished Creatures
  Prince Ribbit (D:5)
  A water moccasin (D:6)
  2 orc warriors (D:6)
  An ice beast (D:6)
  An ogre (D:5)
  A bombardier beetle (D:5)
  5 orc priests
  2 sleepcaps
  A hound (D:5)
  Ijyb (D:3)
  2 iguanas (D:4)
  5 orc wizards
  3 adders
  2 shadow imps
  A white imp (D:5)
  5 dart slugs
  21 orcs
  4 bats
  4 endoplasms
  5 giant cockroaches
  11 goblins
  4 hobgoblins
  3 jackals (D:4)
  A quokka (D:5)
  5 ball pythons
  4 frilled lizards
  5 kobolds
  7 rats
108 creatures vanquished.

Vanquished Creatures (collateral kills)
  A phantom (D:5)
  An orc wizard (D:6)
  2 orcs (D:3)
  A frilled lizard (D:3)
5 creatures vanquished.

Grand Total: 113 creatures vanquished

Notes
Turn   | Place    | Note
-------+----------+-------------------------------------------
     0 | D:1      | pokeman the Deep Elf Hedge Wizard began the quest for the
                  | Orb.
     0 | D:1      | Reached XP level 1. HP: 10/10 MP: 7/7
   470 | D:1      | Reached XP level 2. HP: 12/16 MP: 0/9
  1207 | D:2      | Found a faded altar of an unknown god.
  1231 | D:2      | Reached skill level 5 in Spellcasting
  1676 | D:2      | Reached XP level 3. HP: 20/20 MP: 4/11
  1680 | D:2      | Learned a level 3 spell: Mephitic Cloud
  1683 | D:2      | Learned a level 2 spell: Call Imp
  1686 | D:2      | Learned a level 2 spell: Blink
  2243 | D:3      | Reached skill level 1 in Fighting
  2461 | D:3      | Reached skill level 1 in Armour
  2461 | D:3      | Reached XP level 4. HP: 19/25 MP: 7/13
  2832 | D:3      | Noticed Ijyb
  2860 | D:3      | Killed Ijyb
  2861 | D:3      | Reached skill level 6 in Spellcasting
  2861 | D:3      | Reached XP level 5. HP: 26/29 MP: 9/15
  3101 | D:3      | Reached skill level 1 in Alchemy
  3644 | D:4      | Reached skill level 1 in Air Magic
  3644 | D:4      | Reached skill level 1 in Evocations
  3644 | D:4      | Reached XP level 6. HP: 32/34 MP: 13/17
  3935 | D:4      | Found a staircase to the Ecumenical Temple.
  3942 | Temple   | Entered the Ecumenical Temple
  3946 | Temple   | Became a worshipper of Vehumet
  4437 | D:4      | Reached skill level 7 in Spellcasting
  4572 | D:5      | Entered Level 5 of the Dungeon
  5014 | D:5      | Reached skill level 8 in Spellcasting
  5014 | D:5      | Reached XP level 7. HP: 40/40 MP: 13/20
  5014 | D:5      | Noticed Prince Ribbit
  5032 | D:5      | Killed Prince Ribbit
  5241 | D:5      | Found a glowing silver altar of Zin.
  5331 | D:5      | Reached * piety under Vehumet
  5331 | D:5      | Offered knowledge of Shock by Vehumet.
  5565 | D:6      | Reached skill level 9 in Spellcasting
  5643 | D:6      | Reached XP level 8. HP: 33/44 MP: 16/23
  5809 | D:6      | Reached skill level 5 in Conjurations
  6012 | D:6      | Noticed grandjackal's ghost (novice DsGl)
  6016 | D:6      | Found a runed translucent door.
  6178 | D:6      | Reached skill level 10 in Spellcasting
  6263 | D:6      | Learned a level 5 spell: Irradiate
  6381 | D:6      | Mangled by a wight

Illustrated notes

Levels and vault maps discovered:
D:1:      onia_arrival_mini_maze_b, layout_loops_ring
D:2:      layout_basic, hellmonk_ecumenical_altar_arch_garden,
          kennysheep_generic_room_3
D:3:      kennysheep_the_goblin_king, layout_loops_ring
D:4:      layout_cave_pods, minmay_temple_entry_tees
D:5:      layout_loops_ring, zin_statuary, uniq_prince_ribbit1
D:6:      layout_cave_pods, mainiacjoe_overflow_alcove_4,
          hellmonk_ghost_happy_afterlife, guppyfry_shop_venom
Temple:   hellmonk_temple_two_chambers

Skill      XL: |  1  2  3  4  5  6  7  8 |
---------------+-------------------------+-----
Spellcasting   | 5 6 8 9 10 | 10.2
Fighting       | 1 2 |  2.0
Conjurations   | 2 3 4 5 |  5.4
Armour         | 1 2 |  2.9
Dodging        | 3 |  3.0
Stealth        | 3 |  3.0
Alchemy        | 1 |  1.0
Air Magic      | 1 |  1.0
Evocations     | 1 |  1.1
Summonings     | |  1.1
Translocations | |  1.1

Action                     |  1- 3 |  4- 6 |  7- 9 || total
---------------------------+-------+-------+-------++-------
  Melee: Spear             |     4 |     6 |       ||    10
         Unarmed           |       |    12 |       ||    12
         Falchion          |       |    32 |    11 ||    43
         Punch             |       |     1 |     1 ||     2
         Dagger            |       |       |    16 ||    16
   Cast: Magic Dart        |    96 |   137 |    66 ||   299
         Mephitic Cloud    |     1 |     6 |     7 ||    14
         Call Imp          |       |     5 |     8 ||    13
         Blink             |       |       |     3 ||     3
   Stab: Confused          |       |     7 |     1 ||     8
 Armour: Robe              |     8 |    20 |    28 ||    56
         Skin              |       |     5 |       ||     5
  Dodge: Dodged            |    18 |    30 |    17 ||    65

Table legend: (Time is in decaauts)
 A = Elapsed time spent in this place.
 B = Non-inter-level travel time spent in this place.
 C = Inter-level travel time spent in this place.
 D = Time resting spent in this place.
 E = Time spent auto-exploring this place.
 F = Levels seen in this place.
 G = Mean time per level.
                   A        B        C        D        E       F      G
               +--------+--------+--------+--------+--------+-----+--------+
         Total |   6394 |   6263 |    131 |    133 |   5250 |   7 |  913.4 |
       Dungeon |   6385 |   6254 |    131 |    133 |   5250 |   6 | 1064.2 |
        Temple |      8 |      8 |      0 |      0 |      0 |   1 |    8.0 |
               +--------+--------+--------+--------+--------+-----+--------+

Top non-repeatable levels by time:
     D:3: 1265 daAuts
     D:1: 1206 daAuts
     D:4: 1106 daAuts
     D:2: 993 daAuts
     D:5: 993 daAuts
     D:6: 820 daAuts
  Temple: 8 daAuts
